 Dungeon Crawl Stone Soup version 0.28-a0-233-gb8ca4b6547 (webtiles) character file.

Game seed: 12457034432338035039

53 pokeman the Magician (level 3, -5/20 HPs)
             Began as a Deep Elf Hedge Wizard on Aug 22, 2021.
             Killed by nerve-wracking pain
             ... invoked by an orc priest
              (13 damage)
             ... on level 2 of the Dungeon.
             The game lasted 00:03:24 (2207 turns).

pokeman the Magician (Deep Elf Hedge Wizard)        Turns: 2207, Time: 00:03:25

Health: -5/20      AC:  3    Str:  7    XL:     3   Next: 64%
Magic:  9/11       EV: 16    Int: 19    God:
Gold:   55         SH:  0    Dex: 14    Spells: 1/12 levels left

rFire   . . .      SeeInvis .   e - +2 short sword (drain)
rCold   + . .      Faith    .   (no shield)
rNeg    . . .      Spirit   .   b - +0 robe
rPois   .          Reflect  .   l - +0 helmet
rElec   .          Harm     .   (no cloak)
rCorr   .          Rampage  .   (no gloves)
Will    .....                   (no boots)
Stlth   ++........              c - amulet of regeneration
HPRegen 1.06/turn               f - +4 ring of evasion
MPRegen 0.12/turn               d - ring of protection from cold

@: no status effects
A: no striking features
a: no special abilities


You were on level 2 of the Dungeon.
You visited 1 branch of the dungeon, and saw 3 of its levels.

You collected 55 gold pieces.

Inventory:

Hand Weapons
 e - a +2 short sword of draining (weapon)
Missiles
 k - 21 arrows
Armour
 b - a +0 robe (worn)
 i - a +0 kite shield
 l - a +0 helmet (worn)
Jewellery
 c - an amulet of regeneration (around neck)
 d - a ring of protection from cold (right hand)
 f - a +4 ring of evasion (left hand)
Scrolls
 a - a scroll of identify {unknown}
 g - a scroll of enchant armour {unknown}
 j - a scroll of blinking {unknown}
Potions
 h - a potion of mutation {unknown}


   Skills:
 - Level 1.0 Fighting
 - Level 1.0 Armour
 + Level 2.5 Dodging
 - Level 2.4 Stealth
 * Level 5.3 Spellcasting
 + Level 1.9 Conjurations
 - Level 1.1 Summonings
 - Level 1.1 Translocations
 + Level 0.1 Fire Magic


You had one spell level left.
You knew the following spells:

 Your Spells              Type           Power      Damage    Failure   Level
a - Magic Dart            Conj           48%        1d5       5%          1
b - Mephitic Cloud        Conj/Pois/Air  7%         N/A       28%         3
c - Call Imp              Summ           9%         N/A       12%         2
d - Blink                 Tloc           N/A        N/A       12%         2
e - Conjure Flame         Conj/Fire      9%         6-21      24%         3

Your spell library contained the following spells:

 Spells                   Type           Power      Damage    Failure   Level
 Slow                     Hex            5%         N/A       19%         2


Dungeon Overview and Level Annotations

Branches:
Dungeon (3/15)

Altars:

Shops:
D:1 =


Message History

You finish putting on your amulet of regeneration.
The amulet throbs as it attunes itself to your uninjured body.
c - an amulet of regeneration (around neck)
Found 13 gold pieces.
You now have 55 gold pieces (gained 13).
There is a stone staircase leading down here.
There is a stone staircase leading down here.
You open the door. You open the door.
Found 7 sling bullets.
There is an open door here.
There is an open door here.
Done exploring.
Search for what [? for help]? leather Can't find anything matching that.
Done exploring.
There is a stone staircase leading down here.
You climb downwards.
The orc shouts!
You hear a shout!
The orc priest shouts!
You hear an angry hiss.
Found a hand axe.
There is a stone staircase leading up here.
You hit the orc priest.
The orc priest is moderately wounded.
An orc comes into view. It is wielding a +0 club.
The orc priest hits you with a +0 club.
The orc priest mumbles some strange prayers to Beogh against you.
Beogh smites you!
Ouch! That really hurt!
* * * LOW HITPOINT WARNING * * *
The orc misses you.
You climb upwards.
There is a stone staircase leading down here.
Casting: Magic Dart (safe; 5% risk of failure)
Confirm with . or Enter, or press ? or * to list all spells.
You blink.
The orc priest invokes the aid of Beogh against you.
Pain shoots through your body!
Ouch! That really hurt!
You die...

#...(.# #..................#
##########...............####
.........................#
##########......o..##....#
#........ยง...##....# ####
#.##....o....##....#
...####.##.........##....#
........##.........##....#
...#######......@..##....#
...'...###############...#
...###........# #...# ...#
#........# #...# +###
#........# #...# ..##
#........# ##### ...#
#.#.###### ...###...####
.#.......(..#


You could see an orc priest and an orc.

Vanquished Creatures
  2 gnolls (D:1)
  6 bats
  4 endoplasms
  3 giant cockroaches (D:1)
  2 goblins (D:1)
  2 hobgoblins
  A quokka (D:2)
  5 ball pythons
  4 kobolds
  3 rats (D:1)
32 creatures vanquished.

Notes
Turn   | Place    | Note
-------+----------+-------------------------------------------
     0 | D:1      | pokeman the Deep Elf Hedge Wizard began the quest for the
                  | Orb.
     0 | D:1      | Reached XP level 1. HP: 10/10 MP: 7/7
     6 | D:1      | Noticed a hound
     6 | D:1      | Noticed a water moccasin
     7 | D:1      | Noticed an eight-headed hydra
   204 | D:1      | Reached XP level 2. HP: 16/16 MP: 5/9
   225 | D:1      | Reached skill level 5 in Spellcasting
   547 | D:1      | Reached XP level 3. HP: 20/20 MP: 9/11
   552 | D:1      | Learned a level 3 spell: Mephitic Cloud
   555 | D:1      | Learned a level 2 spell: Call Imp
   558 | D:1      | Learned a level 2 spell: Blink
   562 | D:1      | Learned a level 3 spell: Conjure Flame
   567 | D:1      | Found a faded altar of an unknown god.
  1079 | D:1      | Found Vyudwath's Jewellery Shoppe.
  1179 | D:1      | Reached skill level 1 in Fighting
  1550 | D:2      | Reached skill level 1 in Armour
  2207 | D:2      | Killed from afar by an orc priest

Illustrated notes

Levels and vault maps discovered:
D:1:      onia_arrival_zoo_common, layout_loops_corners, serial_shops,
          nicolae_shop_window_shopping, hellmonk_ecumenical_altar_leap_of_faith
D:2:      layout_basic
D:3:      layout_basic, minmay_misc_feat_ornament, hangedman_decor_peaks_small,
          kennysheep_generic_room_2

Skill      XL: |  1  2  3 |
---------------+----------+-----
Spellcasting   | 5 |  5.3
Fighting       | 1 |  1.0
Armour         | 1 |  1.0
Dodging        | |  2.5
Stealth        | |  2.4
Conjurations   | |  1.9
Summonings     | |  1.1
Translocations | |  1.1
Fire Magic     | |  0.1

Action                   || total
-------------------------++-------
Melee: Short sword       ||     7
 Cast: Magic Dart        ||    72
       Blink             ||     1
Armor: Robe              ||     2
Dodge: Dodged            ||    16

Table legend: (Time is in decaauts)
 A = Elapsed time spent in this place.
 B = Non-inter-level travel time spent in this place.
 C = Inter-level travel time spent in this place.
 D = Time resting spent in this place.
 E = Time spent auto-exploring this place.
 F = Levels seen in this place.
 G = Mean time per level.
                   A        B        C        D        E       F      G
               +--------+--------+--------+--------+--------+-----+--------+
         Total |   2206 |   2165 |     41 |     54 |   1881 |   3 |  735.3 |
       Dungeon |   2206 |   2165 |     41 |     54 |   1881 |   3 |  735.3 |
               +--------+--------+--------+--------+--------+-----+--------+

Top non-repeatable levels by time:
     D:1: 1507 daAuts
     D:2: 696 daAuts
     D:3: 2 daAuts
